 Dungeon Crawl Stone Soup version 0.23.0 (webtiles) character file.

Game seed: 5498066369170254056

36 Snowbourne the Charlatan (level 3, 0/17 HPs)
             Began as a Spriggan Artificer on Feb 8, 2019.
             Slain by an adder (3 damage)
             ... on level 2 of the Dungeon.
             The game lasted 00:04:21 (1253 turns).

Snowbourne the Charlatan (Spriggan Artificer)       Turns: 1253, Time: 00:04:22

Health: 0/17       AC:  2    Str:  8    XL:     3   Next: 19%
Magic:  16/16      EV: 19    Int: 12    God:
Gold:   38         SH:  0    Dex: 17    Spells: 2/2 levels left

rFire    . . .     SeeInvis +   a - +0 short sword
rCold    . . .     Gourm    .   (shield restricted)
rNeg     . . .     Faith    .   b - +0 robe
rPois    .         Spirit   .   (helmet restricted)
rElec    .         Reflect  .   (no cloak)
rCorr    +         Harm     .   (gloves unavailable)
MR       .....                  (boots unavailable)
Stlth    ++........             (no amulet)
HPRegen  0.05/turn              k - ring of resist corrosion
MPRegen  0.15/turn              m - ring of magical power

@: lethally poisoned (0 -> -8), very quick
A: very small, unfitting armour, see invisible, herbivore, speed 3, slow
metabolism 2
a: no special abilities


You were on level 2 of the Dungeon.
You were not hungry.

You visited 1 branch of the dungeon, and saw 2 of its levels.

You collected 38 gold pieces.

Inventory:

Hand Weapons
 a - a +0 short sword (weapon)
Missiles
 j - 29 stones (quivered)
Armour
 b - a +0 robe (worn)
Jewellery
 k - a ring of resist corrosion (left hand)
 m - a ring of magical power (right hand)
Wands
 c - a wand of flame (9)
 d - a wand of enslavement (15)
 e - a wand of random effects (12)
Scrolls
 g - a scroll of fog {unknown}
 h - 2 scrolls of enchant weapon {unknown}
 i - 2 scrolls of remove curse {unknown}
 n - a scroll of teleportation {unknown}
Potions
 l - a potion of lignification {unknown}
Comestibles
 f - 2 rations


   Skills:
 - Level 0.7 Fighting
 - Level 1.1 Short Blades
 + Level 3.7 Dodging
 + Level 2.7 Stealth
 * Level 5.0 Evocations


You had 2 spell levels left.
You didn't know any spells.
Your spell library was empty.

Dungeon Overview and Level Annotations

Branches:
Dungeon (2/15)

Altars:


Innate Abilities, Weirdness & Mutations

You are very small and have problems with some larger weapons.
You are too small for most types of armour.
You have supernaturally acute eyesight. (SInv)
You are a herbivore.
You cover ground extremely quickly.
You need to consume almost no food.


Message History

The adder poisons you!
You miss the adder.
The adder is heavily wounded.
* * * LOW HITPOINT WARNING * * *
You feel sick. The adder barely misses you.
You hit the adder.
The adder is severely wounded.
The adder completely misses you.
You barely miss the adder.
The adder is severely wounded.
* * * LOW HITPOINT WARNING * * *
You feel sick. The adder misses you. The adder closely misses you.
Evoke which item? (* to show all) (? for menu, Esc to quit)
Aiming: Throw Flame
Press: ? - help, Shift-Dir - straight line, f - adder
Aim: an adder (severely wounded)
The puff of flame misses the adder.
* * * LOW HITPOINT WARNING * * *
You feel sick. The adder bites you.
You die...

....... .. ....... ..
......... ##....#.#
#.......# #.....#.#
#....%#.# ###
#.....@S# ...
#.......# #.#
#....(..## #.#
######.#.#####.#
####..#......# #
#.......####.###.#...
....#.#..# #..<......
.#..#.#..# #.#######.
#. ..#..# #..


You could see an adder.

Vanquished Creatures
  2 oozes (D:1)
  A dart slug (D:1)
  A leopard gecko (D:1)
  3 hobgoblins (D:1)
  A ball python (D:1)
  4 bats (D:1)
  2 frilled lizards (D:1)
  2 goblins
  5 kobolds (D:1)
  6 rats
27 creatures vanquished.

Notes
Turn   | Place    | Note
-------+----------+-------------------------------------------
     0 | D:1      | Snowbourne the Spriggan Artificer began the quest for the
                  | Orb.
     0 | D:1      | Reached XP level 1. HP: 9/9 MP: 4/4
    69 | D:1      | Reached XP level 2. HP: 3/14 MP: 6/6
   803 | D:1      | Reached XP level 3. HP: 11/17 MP: 7/7
  1139 | D:1      | Reached skill level 5 in Evocations
  1253 | D:2      | Slain by an adder

Skill      XL: |  1  2  3 |
---------------+----------+-----
Stealth        | 2 |  2.7
Evocations     | 5 |  5.0
Fighting       | |  0.7
Short Blades   | |  1.1
Dodging        | |  3.7

Action                   || total
-------------------------++-------
Melee: Short sword       ||   108
Evoke: Wand              ||     9
 Stab: Sleeping          ||     6
Armor: Robe              ||    13
Dodge: Dodged            ||   107
